 Dungeon Sprint DCSS version 0.26-a0-667-g92642533e4 (webtiles) character file.

Game seed: 250180768465530734

1958 mhtbhm the Eclecticist (level 9, -2/48 HPs)
             Began as a Deep Elf Earth Elementalist on Oct 16, 2020.
             Was an Elder of Vehumet.
             Slain by a six-headed hydra (8 damage)
             ... in the Dungeon (Sprint IX: "|||||||||||||||||||||||||||||").
             The game lasted 00:03:56 (1119 turns).

mhtbhm the Eclecticist (DEEE)                       Turns: 1119, Time: 00:03:56

Health: -2/48      AC:  5    Str:  5    XL:     9   Next: 0%
Magic:  17/31      EV: 16    Int: 27    God:    Vehumet [****..]
Gold:   0          SH:  0    Dex: 15    Spells: 26/41 levels left

rFire    . . .     SeeInvis .   m - +2 rapier (venom)
rCold    . . .     Faith    .   (no shield)
rNeg     . . .     Spirit   .   c - +0 robe
rPois    .         Reflect  .   n - +0 helmet
rElec    .         Harm     .   (no cloak)
rCorr    .         Rampage  .   (no gloves)
MR       .....     NoTele   +   (no boots)
Stlth    ++........             (no amulet)
HPRegen  0.16/turn              o - +2 ring of protection
MPRegen  0.22/turn              p - +3 ring of intelligence

@: no status effects
A: no striking features
a: Renounce Religion


You were in the Dungeon.
You worshipped Vehumet.
Vehumet was greatly pleased with you.
You visited 1 branch

Inventory:

Hand Weapons
 m - a +2 rapier of venom (weapon)
Armour
 c - a +0 robe (worn)
 n - a +0 helmet (worn)
Jewellery
 o - a +2 ring of protection (left hand)
 p - a +3 ring of intelligence (right hand)
Wands
 l - a wand of acid (9)
Scrolls
 i - 4 scrolls of blinking
 j - 4 scrolls of remove curse
 k - 2 scrolls of amnesia
 r - a scroll of fear
 s - a scroll of identify
 t - a scroll of fog
Potions
 a - a potion of invisibility
 b - 3 potions of mutation
 d - 5 potions of curing
 e - 7 potions of heal wounds
 f - a potion of haste
 g - 4 potions of magic
 h - 2 potions of berserk rage
 q - 2 potions of ambrosia


   Skills:
 + Level 2.0 Fighting
 + Level 6.8 Dodging
 - Level 2.8 Stealth
 + Level 16.9 Spellcasting
 + Level 1.9 Conjurations
 + Level 1.9 Transmutations
 + Level 14.1 Earth Magic
 + Level 1.5 Evocations


You had 26 spell levels left.
You knew the following spells:

 Your Spells              Type           Power        Failure   Level
a - Sandblast             Erth           ######       0%          1
b - Passwall              Tmut/Erth      ######..     1%          2
c - Stone Arrow           Conj/Erth      ######       1%          3
d - Lee's Rapid Deconstr  Erth           #######...   1%          5
e - Petrify               Tmut/Erth      ######..     1%          4

Your spell library contained the following spells:

 Spells                   Type           Power        Failure   Level
 Inner Flame              Hex/Fire       ###.....     1%          3


Dungeon Overview and Level Annotations

Branches:
Dungeon (1/1)

Altars:
Cheibriados
Dithmenos
Elyvilon
Fedhas
Gozag
Hepliaklqana
Kikubaaqudgha
Makhleb
Nemelex Xobeh
Okawaru
Qazlal
Ru
Sif Muna
Trog
Uskayaw
Vehumet
Wu Jian
Xom
Yredelemnul
Zin
The Shining One
Beogh
Jiyva
Lugonu


Message History

The six-headed hydra barely misses you. The six-headed hydra misses you.
The six-headed hydra completely misses you.
Casting: Lee's Rapid Deconstruction (safe; 1% risk of failure)
Confirm with . or Enter, or press ? or * to list all spells.
Aiming: Lee's Rapid Deconstruction (safe; 1% risk of failure)
Press: ? - help, Dir - move target cursor An open door to the Lair.
The stone door frame shatters!
The blast of rock fragments hits the six-headed hydra!!
The six-headed hydra is almost dead.
The blast of rock fragments hits the cane toad!!
The cane toad is severely wounded.
You hear a croak.
A water moccasin comes into view.
The six-headed hydra bites you!
The six-headed hydra bites you but does no damage. x2
The six-headed hydra bites you!
* * * LOW HITPOINT WARNING * * *
The six-headed hydra bites you!
You die...

▓.▓.▓.▓
▓.▓.▓.▓
▓.▓.▓.▓
▓)▓.▓.▓
▓.▓.▓.▓
▓.▓.▓'▓
▓.▓.▓_▓
▓.▓.▓_▓
▓@▓.▓_▓
▓D▓.▓_▓
▓F▓.▓_▓
▓F▓.▓_▓
▓F▓.▓_▓
▓.▓.▓_▓
▓l▓.▓_▓
▓S▓.▓_▓
▓.▓.▓_▓


You could see a six-headed hydra, a cane toad, a basilisk, a water moccasin and
2 bullfrogs.

Vanquished Creatures
  A tengu warrior (D)
  An ugly thing (D)
  A cane toad (D)
  A komodo dragon (D)
  A water moccasin (D)
  An orc warrior (D)
  A big kobold (D)
  2 wights (D)
  2 worker ants (D)
  2 adders (D)
  A dart slug (D)
  A leopard gecko (D)
  2 orcs (D)
  A bat skeleton (D)
  A giant cockroach (D)
  A jackal (D)
  A quokka (D)
  A giant cockroach zombie (D)
  A goblin (D)
  A quokka skeleton (D)
24 creatures vanquished.

Notes
Turn   | Place    | Note
-------+----------+-------------------------------------------
     0 | D        | mhtbhm the Deep Elf Earth Elementalist began the quest for
                  | the Orb.
     0 | D        | Reached XP level 1. HP: 10/10 MP: 6/6
    77 | D        | Reached XP level 2. HP: 12/15 MP: 5/8
    81 | D        | Learned a level 2 spell: Passwall
   137 | D        | Reached skill level 4 in Spellcasting
   137 | D        | Reached skill level 5 in Earth Magic
   292 | D        | Reached skill level 5 in Spellcasting
   292 | D        | Reached XP level 3. HP: 17/20 MP: 6/12
   522 | D        | Found a roughly hewn altar of Beogh.
   522 | D        | Found a snail-covered altar of Cheibriados.
   522 | D        | Found a shadowy altar of Dithmenos.
   522 | D        | Found a white marble altar of Elyvilon.
   522 | D        | Found a blossoming altar of Fedhas.
   522 | D        | Found an opulent altar of Gozag.
   523 | D        | Found a hazy altar of Hepliaklqana.
   524 | D        | Found a viscous altar of Jiyva.
   525 | D        | Found an ancient bone altar of Kikubaaqudgha.
   526 | D        | Found a corrupted altar of Lugonu.
   527 | D        | Found a burning altar of Makhleb.
   528 | D        | Found a sparkling altar of Nemelex Xobeh.
   529 | D        | Found an iron altar of Okawaru.
   530 | D        | Found a stormy altar of Qazlal.
   531 | D        | Found a sacrificial altar of Ru.
   532 | D        | Found a shimmering blue altar of Sif Muna.
   533 | D        | Found a bloodstained altar of Trog.
   534 | D        | Found a hide-covered altar of Uskayaw.
   535 | D        | Found a radiant altar of Vehumet.
   536 | D        | Found an ornate altar of the Wu Jian Council.
   537 | D        | Found a shimmering altar of Xom.
   538 | D        | Found a basalt altar of Yredelemnul.
   539 | D        | Found a glowing silver altar of Zin.
   540 | D        | Found a glowing golden altar of the Shining One.
   543 | D        | Became a worshipper of Vehumet
   603 | D        | Noticed a big kobold
   603 | D        | Noticed an orc warrior
   603 | D        | Noticed a water moccasin
   609 | D        | Learned a level 3 spell: Stone Arrow
   612 | D        | Reached skill level 7 in Spellcasting
   612 | D        | Reached XP level 4. HP: 24/24 MP: 10/15
   614 | D        | Killed a big kobold
   614 | D        | Reached skill level 8 in Spellcasting
   614 | D        | Reached XP level 5. HP: 28/28 MP: 9/18
   615 | D        | Reached * piety under Vehumet
   615 | D        | Offered knowledge of Shock by Vehumet.
   616 | D        | Killed an orc warrior
   616 | D        | Reached skill level 1 in Fighting
   616 | D        | Reached skill level 5 in Dodging
   616 | D        | Reached skill level 10 in Spellcasting
   617 | D        | Reached XP level 6. HP: 19/34 MP: 8/21
   853 | D        | Killed a water moccasin
   853 | D        | Reached ** piety under Vehumet
   853 | D        | Offered knowledge of Magic Dart by Vehumet.
   853 | D        | Reached skill level 11 in Spellcasting
   853 | D        | Reached skill level 10 in Earth Magic
   900 | D        | Learned a level 5 spell: Lee's Rapid Deconstruction
   905 | D        | Learned a level 4 spell: Petrify
   909 | D        | Noticed a white ugly thing
   909 | D        | Noticed a tengu warrior
   914 | D        | Reached skill level 12 in Spellcasting
   917 | D        | Reached *** piety under Vehumet
   919 | D        | Killed a tengu warrior
   919 | D        | Reached skill level 14 in Spellcasting
   919 | D        | Reached skill level 1 in Conjurations
   919 | D        | Reached skill level 1 in Evocations
   919 | D        | Reached XP level 7. HP: 39/39 MP: 9/27
   919 | D        | Reached XP level 8. HP: 44/44 MP: 9/28
   919 | D        | Killed a white ugly thing
   919 | D        | Reached skill level 15 in Spellcasting
  1115 | D        | Noticed a cane toad
  1115 | D        | Noticed a six-headed hydra
  1115 | D        | Noticed a komodo dragon
  1115 | D        | Noticed a cane toad
  1118 | D        | Killed a cane toad
  1118 | D        | Offered knowledge of Inner Flame by Vehumet.
  1118 | D        | Reached skill level 16 in Spellcasting
  1118 | D        | Killed a komodo dragon
  1118 | D        | Reached **** piety under Vehumet
  1118 | D        | Reached XP level 9. HP: 48/48 MP: 22/31
  1119 | D        | Slain by a six-headed hydra

Illustrated notes

Levels and vault maps discovered:
D:        linesprint [early_d, line_temple, items_1, d_10, items_2, lair_1,
          lair_end, items_3, orc_1, orc_end, items_4, d_15, swamp_1, shoals_1,
          snake_1, spider_1, d_20, vaults_1, items_5, swamp_end, shoals_end,
          snake_end, spider_end, vaults_end, d_27, items_6, zot_1, zot_end,
          crypt_end, forest_end, elf_end, slime_end, tomb_end, abyss_end,
          pan_hell_end]

Skill      XL: |  1  2  3  4  5  6  7  8 |
---------------+-------------------------+-----
Earth Magic    | 4 6 7 8 9 12 14 | 14.1
Dodging        | 3 4 5 6 |  6.8
Spellcasting   | 5 7 8 10 14 16 | 16.9
Fighting       | 1 2 |  2.0
Conjurations   | 1 |  1.9
Evocations     | 1 |  1.5
Stealth        | |  2.8
Transmutations | |  1.9

Action                   |  1- 3 |  4- 6 |  7- 9 || total
-------------------------+-------+-------+-------++-------
 Cast: Sandblast         |    21 |     9 |       ||    30
       Lee's Rapid Decon |       |     3 |     4 ||     7
       Stone Arrow       |       |     1 |       ||     1
Evoke: Wand              |       |     1 |       ||     1
Armor: Robe              |       |     6 |     2 ||     8
Dodge: Dodged            |     6 |    11 |     5 ||    22

Table legend: (Time is in decaauts)
 A = Elapsed time spent in this place.
 B = Non-inter-level travel time spent in this place.
 C = Inter-level travel time spent in this place.
 D = Time resting spent in this place.
 E = Time spent auto-exploring this place.
 F = Levels seen in this place.
 G = Mean time per level.
                   A        B        C        D        E       F      G
               +--------+--------+--------+--------+--------+-----+--------+
         Total |   1117 |   1117 |      0 |    809 |     78 |   1 | 1117.0 |
       Dungeon |   1117 |   1117 |      0 |    809 |     78 |   1 | 1117.0 |
               +--------+--------+--------+--------+--------+-----+--------+

Top non-repeatable levels by time:
       D: 1117 daAuts
